 Dungeon Crawl Stone Soup version 0.32-a0-711-g016ad743e0 (webtiles) character file.

Game seed: 1611375617738797320

12 pokeman the Magician (level 2, -1/16 HPs)
             Began as a Deep Elf Hedge Wizard on Mar 15, 2024.
             Slain by a jackal (3 damage)
             ... on level 1 of the Dungeon.
             The game lasted 00:00:37 (285 turns).

pokeman the Magician (Deep Elf Hedge Wizard)         Turns: 285, Time: 00:00:37

Health: -1/16      AC:  2    Str:  7    XL:     2   Next: 20%
Magic:  3/9        EV: 11    Int: 18    God:
Gold:   0          SH:  0    Dex: 14    Spells: 9/10 levels left

rFire   . . .        a - +0 dagger
rCold   . . .        (no shield)
rNeg    . . .        b - +0 robe
rPois   .            c - +0 hat
rElec   .            (no cloak)
rCorr   .            (no gloves)
SInv    .            (no boots)
Will    .....        (no amulet)
Stlth   ++           (no ring)
HPRegen 0.22/turn    (no ring)
MPRegen 0.11/turn

%: no passive effects
@: no status effects
A: no striking features
a: no special abilities


You were on level 1 of the Dungeon.
You visited 1 branch of the dungeon, and saw 1 of its levels.

Inventory:

Hand Weapons
 a - a +0 dagger (weapon)
Armour
 b - a +0 robe (worn)
 c - a +0 hat (worn)
Potions
 d - a potion of magic


   Skills:
 + Level 0.4 Fighting
 + Level 0.4 Armour
 - Level 2.4 Dodging
 - Level 2.4 Stealth
 * Level 4.8 Spellcasting
 + Level 1.4 Conjurations
 - Level 1.1 Summonings
 - Level 1.1 Translocations


You had 9 spell levels left.
You knew the following spells:

 Your Spells              Type           Power      Damage    Failure   Level
a - Magic Dart            Conj           36%        1d4       8%          1

Your spell library contained the following spells:

 Spells                   Type           Power      Damage    Failure   Level
 Blink                    Tloc           16%        N/A       13%         2
 Call Imp                 Summ           16%        N/A       13%         2
 Slow                     Hex            16%        N/A       14%         1
 Cigotuvi's Dreadful Rot  Necr/Alch/Air  8%         N/A       21%         2
 Dazzling Flash           Conj/Hex       12%        N/A       30%         3
 Mephitic Cloud           Conj/Alch/Air  6%         N/A       32%         3
 Starburst                Conj/Fire      3%         6d3       100%        6
 Maxwell's Capacitive Co  Air            2%         ∞         100%        8


Dungeon Overview and Level Annotations

Branches:
Dungeon (1/15)

Altars:


Message History

The jackal is severely wounded.
You hear a bark!
The jackal bites you.
You hit the jackal but do no damage.
The jackal is severely wounded.
The jackal barely misses you. The jackal bites you.
You hit the jackal.
You kill the jackal!
You barely miss the jackal.
A jackal comes into view.
The jackal bites you. The jackal barely misses you.
The jackal moves out of view.
You closely miss the jackal. The jackal barely misses you.
You barely miss the jackal. The jackal barely misses you.
Your magical contamination has completely faded away.
You barely miss the jackal. The jackal bites you.
The jackal bites you but does no damage.
You closely miss the jackal. The jackal barely misses you.
You hit the jackal.
The jackal is moderately wounded.
The jackal bites you.
The jackal bites you but does no damage.
You completely miss the jackal.
The jackal is moderately wounded.
The jackal completely misses you.
The jackal barks!
You hit the jackal but do no damage.
The jackal is moderately wounded.
The jackal bites you.
You hit the jackal but do no damage. The jackal bites you.
* * * LOW HITPOINT WARNING * * *
The jackal bites you.
* * * LOW HITPOINT WARNING * * *
You hit the jackal.
The jackal is moderately wounded.
The jackal closely misses you.
You closely miss the jackal.
The jackal is moderately wounded.
The jackal bites you.
You die...

###..##
......#
......#
##......# ..
#.......# ...
#. #.......#
....#.
##.†.....#
....#.
#.........
......
#@##.###.#
......##h# #
.......hh#
######..##
##..# ##..##
.... #...#
... #†#.#
#....####...#


You could see 3 jackals.

Vanquished Creatures
  2 goblins (D:1)
  2 hobgoblins (D:1)
  3 jackals (D:1)
  A bat (D:1)
  2 frilled lizards (D:1)
  A rat (D:1)
11 creatures vanquished.

Notes
Turn   | Place    | Note
-------+----------+-------------------------------------------
     0 | D:1      | pokeman the Deep Elf Hedge Wizard began the quest for the
                  | Orb.
     0 | D:1      | Reached XP level 1. HP: 10/10 MP: 7/7
   214 | D:1      | Reached XP level 2. HP: 16/16 MP: 0/9
   285 | D:1      | Slain by a jackal

Illustrated notes

Levels and vault maps discovered:
D:1:      minmay_arrival_diagonal_passages, layout_basic,
          minmay_misc_feat_ornament

Action                     || total
---------------------------++-------
  Melee: Dagger            ||    24
   Cast: Magic Dart        ||    23
 Armour: Robe              ||    17
  Dodge: Dodged            ||    16

Table legend: (Time is in decaauts)
 A = Elapsed time spent in this place.
 B = Non-inter-level travel time spent in this place.
 C = Inter-level travel time spent in this place.
 D = Time resting spent in this place.
 E = Time spent auto-exploring this place.
 F = Levels seen in this place.
 G = Mean time per level.
                   A        B        C        D        E       F      G
               +--------+--------+--------+--------+--------+-----+--------+
         Total |    285 |    285 |      0 |      0 |    219 |   1 |  285.0 |
       Dungeon |    285 |    285 |      0 |      0 |    219 |   1 |  285.0 |
               +--------+--------+--------+--------+--------+-----+--------+

Top non-repeatable levels by time:
     D:1: 285 daAuts
